 Dungeon Crawl Stone Soup version 0.26-a0-639-g72c4674329 (webtiles) character file.

Game seed: 2686055742648483345

8500 MrRokkomies the Fighter (level 10, -7/93 HPs)
             Began as a Demigod Delver on Sept 16, 2020.
             Mangled by a minotaur
             ... wielding the +8 Wrath of Trog {antimagic, *Rage}
              (25 damage)
             ... in a Gauntlet.
             The game lasted 00:22:52 (11832 turns).

MrRokkomies the Fighter (Demigod Delver)           Turns: 11832, Time: 00:22:53

Health: -7/93      AC: 15    Str: 19    XL:     10   Next: 86%
Magic:  0/13       EV: 13    Int: 16    God:
Gold:   281        SH:  0    Dex: 17    Spells: 9/9 levels left

rFire    + . .     SeeInvis .   a - +3 scimitar (flame)
rCold    . . .     Faith    .   (no shield)
rNeg     + . .     Spirit   +   N - +0 pearl dragon scales
rPois    +         Reflect  .   G - +2 helmet
rElec    .         Harm     .   S - +0 cloak {rPois}
rCorr    .         Rampage  .   u - +0 pair of gloves
MR       +....     NoTele   +   (no boots)
Stlth    +.........             m - amulet of guardian spirit
HPRegen  0.25/turn              v - ring of protection from fire
MPRegen  0.13/turn              (no ring)

@: very slightly contaminated, invisible
A: high mp 1
a: no special abilities


You were in a Gauntlet.
You visited 2 branches of the dungeon, and saw 10 of its levels.
You also visited: Gauntlet.

You collected 521 gold pieces.
You spent 240 gold pieces at shops.

Inventory:

Hand Weapons
 a - a +3 scimitar of flaming (weapon)
 i - a +4 mace
 y - a +0 hunting sling
 D - a +0 falchion
 R - a +1 great sword
Missiles
 h - 10 curare-tipped darts
 k - 12 boomerangs
 l - 6 silver boomerangs
 p - 53 sling bullets
 q - 2 javelins
 F - 3 atropa-tipped darts
 L - 27 poisoned darts (quivered)
Armour
 u - a +0 pair of gloves (worn)
 G - a +2 helmet (worn)
 N - +0 pearl dragon scales (worn)
 S - a +0 cloak of poison resistance (worn)
Jewellery
 m - an amulet of guardian spirit (around neck)
 v - a ring of protection from fire (left hand)
Wands
 e - a wand of acid (15)
 g - a wand of digging (8)
 j - a wand of iceblast (17)
 r - a wand of polymorph (4)
 H - a wand of flame (37)
 J - a wand of enslavement (9)
 T - a wand of paralysis (11)
Scrolls
 c - a scroll of fog
 d - 2 scrolls of magic mapping
 o - a scroll of enchant weapon
 s - 6 scrolls of remove curse
 t - a scroll of teleportation
 K - 4 scrolls of identify
 O - a scroll of enchant armour
 P - a scroll of fear
Potions
 n - 2 potions of brilliance
 w - 2 potions of might
 z - 3 potions of curing
 A - a potion of flight
 B - a potion of invisibility
 C - a potion of resistance
 E - 2 potions of mutation {unknown}
 I - 2 potions of ambrosia {unknown}
 M - a potion of berserk rage {unknown}
Miscellaneous
 x - a condenser vane (1/2)


   Skills:
 - Level 10.0 Fighting
 * Level 9.7 Long Blades
 + Level 4.7 Throwing
 + Level 7.0 Dodging
 - Level 4.5 Stealth
 * Level 0.0 Evocations


You had 9 spell levels left.
You didn't know any spells.
Your spell library contained the following spells:

 Spells                   Type           Power        Failure   Level
 Bolt of Magma            Conj/Fire/Erth #.........   100%        5
 Statue Form              Tmut/Erth      #........    100%        6
 Dragon's Call            Summ           #.........   100%        9


Dungeon Overview and Level Annotations

Branches:
Dungeon (9/15)             Temple (0/1) D:5            Lair (1/6) D:8
    Orc (0/2) D:9         Gauntlet (1/1)

Shops:
D:6 ?*!}

Annotations:
D:3 2 transporters, lilly's ghost, amateur MiHu Gauntlet 4 transporters


Innate Abilities, Weirdness & Mutations

You have an increased reservoir of magic. (+10% MP)


Message History

There is an open door, spattered with blood here.
Okay, then.
Unknown command.
Fire/throw which item? (* to show all) (? for menu, Esc to quit)
Throwing (i - inventory. (/) - cycle)
L - 27 poisoned darts (quivered)
Press: ? - help, Shift-Dir - straight line, f/p - minotaur
Aim: a minotaur, wielding the +8 Wrath of Trog {antimagic, *Rage}, wearing a +0 plate armour, wearing a cursed ring of attention and quivering 20 silver javelins (severely wounded, berserk)
You throw a throwing net.
The throwing net barely misses the minotaur.
The minotaur hits you with the +8 Wrath of Trog {antimagic, *Rage}.
* * * LOW HITPOINT WARNING * * *
The minotaur misses you.
Fire/throw which item? (* to show all) (? for menu, Esc to quit)
Throwing (i - inventory. (/) - cycle)
L - 27 poisoned darts (quivered)
Press: ? - help, Shift-Dir - straight line, f/p - minotaur
Aim: a minotaur, wielding the +8 Wrath of Trog {antimagic, *Rage}, wearing a +0 plate armour, wearing a cursed ring of attention and quivering 20 silver javelins (severely wounded, berserk)
You throw a throwing net.
The throwing net completely misses the minotaur.
The minotaur hits you with the +8 Wrath of Trog {antimagic, *Rage}!!
You die...

###+## ###..(.# .'⌠...#
#...⌠+ #.\..# #H#
#######@#######
#.............#
#.###.###.###.#
#.............#
##.###.###.###
#####.###.###.#####
#§§..............§# ###
####8§8.8..©.©..8.8.8####
#8#
#8##≈...............≈##8#


You could see a minotaur (berserk).

Vanquished Creatures
  A hydra (Lair:1)
  Harold (D:7)
  Erica (D:9)
  A tengu warrior (Gauntlet)
  Pikel (D:9)
  A cane toad (Lair:1)
  A komodo dragon (D:8)
  A tengu conjurer (Gauntlet)
  Psyche (D:8)
  An ice devil (Gauntlet)
  A hornet (D:9)
  Prince Ribbit (D:9)
  2 shadows (Gauntlet)
  Menkaure (D:7)
  A water moccasin (Lair:1)
  A porcupine (Lair:1)
  3 orc warriors
  A sky beast (D:8)
  An ice beast (D:7)
  A phantom (D:7)
  3 ogres
  3 centaurs
  A lemure (D:9)
  A crocodile (D:8)
  A big kobold (D:9)
  7 bullfrogs
  3 scorpions
  4 wights (D:8)
  3 howler monkeys
  2 centaur skeletons
  A hound (D:9)
  4 jellies
  3 orc priests
  An iron imp (Gauntlet)
  2 orc wizards (D:5)
  3 iguanas
  6 worker ants
  10 gnolls
  7 adders
  A shadow imp (D:9)
  5 white imps
  3 ufetubi
  An ooze (D:1)
  An adder skeleton (D:9)
  4 worms (D:2)
  A dart slug (D:1)
  A leopard gecko (D:3)
  41 orcs
  6 bats
  2 giant cockroaches
  13 goblins
  11 hobgoblins
  13 jackals
  5 quokkas
  4 ball pythons
  4 frilled lizards
  A jackal skeleton (D:7)
  22 kobolds
  2 quokka skeletons
  5 rats
  A spectral orc (D:4)
235 creatures vanquished.

Vanquished Creatures (others)
  2 plants (D:8)
2 creatures vanquished.

Grand Total: 237 creatures vanquished

Notes
Turn   | Place    | Note
-------+----------+-------------------------------------------
     0 | D:5      | MrRokkomies the Demigod Delver began the quest for the Orb.
     0 | D:5      | Reached XP level 1. HP: 18/18 MP: 3/3
    27 | D:5      | Noticed a worker ant
    31 | D:5      | Killed a worker ant
    31 | D:5      | Reached skill level 3 in Fighting
    31 | D:5      | Reached XP level 2. HP: 26/26 MP: 4/4
    59 | D:5      | Reached XP level 3. HP: 31/31 MP: 5/5
    63 | D:5      | Noticed a centaur
    74 | D:5      | Killed a centaur
    74 | D:5      | Reached XP level 4. HP: 29/40 MP: 6/6
   192 | D:5      | Reached skill level 4 in Fighting
   192 | D:5      | Reached XP level 5. HP: 31/46 MP: 7/7
   820 | D:3      | Found a transporter.
   872 | D:2      | Found an iron altar of Okawaru.
   930 | D:2      | Reached XP level 6. HP: 15/53 MP: 8/8
  2526 | D:3      | Noticed lilly's ghost (amateur MiHu)
  2529 | D:3      | Found a transporter.
  2974 | D:3      | Reached skill level 5 in Fighting
  3492 | D:4      | Found a basalt altar of Yredelemnul.
  3810 | D:5      | Reached XP level 7. HP: 44/61 MP: 9/9
  4024 | D:5      | Found a shadowy altar of Dithmenos.
  4081 | D:5      | Reached skill level 5 in Long Blades
  4179 | D:5      | You fall into a shaft and drop 2 floors!
  4324 | D:5      | Reached skill level 6 in Fighting
  4463 | D:5      | Found a staircase to the Ecumenical Temple.
  4925 | D:6      | Reached XP level 8. HP: 32/71 MP: 3/10
  4945 | D:6      | Found a shimmering altar of Xom.
  6076 | D:6      | Found Rysair's Distillery.
  6076 | D:6      | Found Zeame's Gadget Emporium.
  6077 | D:6      | Found Kibenih's Magic Scroll Emporium.
  6077 | D:6      | Found Wugh's General Store.
  6083 | D:6      | Bought a condenser vane (2/2) for 240 gold pieces
  6819 | D:7      | Found a hide-covered altar of Uskayaw.
  6819 | D:7      | Noticed Menkaure
  6832 | D:7      | Killed Menkaure
  6832 | D:7      | Reached skill level 7 in Fighting
  6855 | D:7      | Noticed Harold
  7002 | D:7      | HP: 1/73 [Harold/+1 hand axe of electrocution (17)]
  7006 | D:7      | Killed Harold
  7006 | D:7      | Reached skill level 1 in Throwing
  7006 | D:7      | Reached skill level 5 in Dodging
  7006 | D:7      | Reached XP level 9. HP: 2/79 MP: 2/11
  7865 | D:8      | Identified the Grimoire of Dusty Companions
  7959 | D:8      | Reached skill level 8 in Fighting
  8548 | D:8      | Noticed Psyche
  8552 | D:8      | Killed Psyche
  8567 | D:8      | Found a staircase to the Lair.
  8568 | D:8      | Noticed a komodo dragon
  8587 | D:8      | Killed a komodo dragon
  8893 | D:9      | Found a staircase to the Orcish Mines.
  9070 | D:9      | Paralysed by a hornet for 3 turns
  9075 | D:9      | Paralysed by a hornet for 1 turns
  9303 | D:9      | Noticed Pikel
  9327 | D:9      | Killed Pikel
  9327 | D:9      | Reached XP level 10. HP: 76/90 MP: 10/13
  9923 | D:9      | Reached skill level 9 in Fighting
 10223 | D:9      | Noticed Erica
 10264 | D:9      | Killed Erica
 10482 | D:9      | Noticed Prince Ribbit
 10495 | D:9      | Killed Prince Ribbit
 10580 | Lair:1   | Entered Level 1 of the Lair of Beasts
 10612 | Lair:1   | Noticed a seven-headed hydra
 10622 | Lair:1   | Killed a two-headed hydra
 10635 | Lair:1   | Found a gate leading to a gauntlet.
 10644 | Gauntlet | Entered a Gauntlet
 10644 | Gauntlet | Found a transporter.
 10644 | Gauntlet | Found a transporter.
 10644 | Gauntlet | Found a transporter.
 10648 | Gauntlet | Noticed a two-headed ogre
 10655 | Gauntlet | Noticed a mana viper
 10655 | Gauntlet | a two-headed ogre changed into a mana viper
 10657 | Gauntlet | Noticed a deep troll
 10657 | Gauntlet | a mana viper changed into a deep troll
 10664 | Gauntlet | Noticed a guardian serpent
 10666 | Gauntlet | Noticed a sea snake
 10666 | Gauntlet | a deep troll changed into a sea snake
 10667 | Gauntlet | Noticed a lindwurm
 10667 | Gauntlet | a sea snake changed into a lindwurm
 10669 | Gauntlet | a guardian serpent changed into a wind drake
 10680 | Gauntlet | a lindwurm changed into a yaktaur
 10692 | Gauntlet | Noticed a faun
 10692 | Gauntlet | a dream sheep changed into a faun
 10696 | Gauntlet | Noticed a two-headed ogre
 10696 | Gauntlet | a faun changed into a two-headed ogre
 10697 | Gauntlet | Noticed a glowing shapeshifter
 10697 | Gauntlet | a two-headed ogre changed into a glowing shapeshifter
 10698 | Gauntlet | Noticed a shock serpent
 10698 | Gauntlet | a glowing shapeshifter changed into a shock serpent
 10703 | Gauntlet | Noticed a sea snake
 10703 | Gauntlet | a shock serpent changed into a sea snake
 10706 | Gauntlet | Noticed a cyclops
 10706 | Gauntlet | a sea snake changed into a cyclops
 10707 | Gauntlet | Noticed a lindwurm
 10707 | Gauntlet | a cyclops changed into a lindwurm
 10710 | Gauntlet | Noticed an orb spider
 10710 | Gauntlet | a wind drake changed into an orb spider
 10714 | Gauntlet | Noticed a glowing orange brain
 10714 | Gauntlet | a lindwurm changed into a glowing orange brain
 10720 | Gauntlet | Noticed a lindwurm
 10720 | Gauntlet | a glowing orange brain changed into a lindwurm
 10723 | Gauntlet | Noticed a sea snake
 10723 | Gauntlet | a lindwurm changed into a sea snake
 10724 | Gauntlet | Noticed a swamp dragon
 10724 | Gauntlet | a sea snake changed into a swamp dragon
 10728 | Gauntlet | an orb spider changed into an eye of draining
 10736 | Gauntlet | Noticed a water nymph
 10736 | Gauntlet | a swamp dragon changed into a water nymph
 10742 | Gauntlet | a water nymph changed into a slime creature
 10749 | Gauntlet | Noticed a glowing shapeshifter
 10749 | Gauntlet | a slime creature changed into a glowing shapeshifter
 10750 | Gauntlet | Noticed a manticore
 10750 | Gauntlet | a glowing shapeshifter changed into a manticore
 10751 | Gauntlet | Noticed a shock serpent
 10751 | Gauntlet | a manticore changed into a shock serpent
 10752 | Gauntlet | Noticed a death drake
 10752 | Gauntlet | a shock serpent changed into a death drake
 10757 | Gauntlet | Noticed a harpy
 10757 | Gauntlet | a rime drake changed into a harpy
 10760 | Gauntlet | Noticed a swamp dragon
 10760 | Gauntlet | a death drake changed into a swamp dragon
 10763 | Gauntlet | Noticed a water nymph
 10763 | Gauntlet | a swamp dragon changed into a water nymph
 10765 | Gauntlet | a harpy changed into a polar bear
 10766 | Gauntlet | Noticed an elephant
 10766 | Gauntlet | a yaktaur changed into an elephant
 10766 | Gauntlet | Noticed an anaconda
 10766 | Gauntlet | a water nymph changed into an anaconda
 10767 | Gauntlet | an anaconda changed into a tyrant leech
 10768 | Gauntlet | Noticed an ettin
 10768 | Gauntlet | a tyrant leech changed into an ettin
 10770 | Gauntlet | Noticed a satyr
 10770 | Gauntlet | an ettin changed into a satyr
 10772 | Gauntlet | Noticed an ettin
 10772 | Gauntlet | a satyr changed into an ettin
 10773 | Gauntlet | Noticed a four-headed hydra
 10773 | Gauntlet | an ettin changed into a four-headed hydra
 10779 | Gauntlet | Noticed an ettin
 10779 | Gauntlet | a four-headed hydra changed into an ettin
 10782 | Gauntlet | Noticed a wolf spider
 10782 | Gauntlet | an ettin changed into a wolf spider
 10783 | Gauntlet | Noticed a great orb of eyes
 10783 | Gauntlet | a wolf spider changed into a great orb of eyes
 10789 | Gauntlet | Noticed a wolf spider
 10789 | Gauntlet | a great orb of eyes changed into a wolf spider
 10793 | Gauntlet | Noticed an alligator
 10793 | Gauntlet | a wolf spider changed into an alligator
 10795 | Gauntlet | an alligator changed into a tyrant leech
 10799 | Gauntlet | Noticed a cyclops
 10799 | Gauntlet | an elephant changed into a cyclops
 10801 | Gauntlet | Noticed a great orb of eyes
 10801 | Gauntlet | a tyrant leech changed into a great orb of eyes
 10802 | Gauntlet | Noticed a six-headed hydra
 10802 | Gauntlet | a great orb of eyes changed into a six-headed hydra
 10804 | Gauntlet | Noticed an alligator
 10804 | Gauntlet | a six-headed hydra changed into an alligator
 10805 | Gauntlet | Noticed a wolf spider
 10805 | Gauntlet | an alligator changed into a wolf spider
 10805 | Gauntlet | Noticed a manticore
 10805 | Gauntlet | a floating eye changed into a manticore
 10808 | Gauntlet | Noticed a satyr
 10808 | Gauntlet | a wolf spider changed into a satyr
 10809 | Gauntlet | a satyr changed into a tyrant leech
 10810 | Gauntlet | Noticed a satyr
 10810 | Gauntlet | a tyrant leech changed into a satyr
 10811 | Gauntlet | Noticed a great orb of eyes
 10811 | Gauntlet | a satyr changed into a great orb of eyes
 10821 | Gauntlet | Noticed a sea snake
 10821 | Gauntlet | a cyclops changed into a sea snake
 10822 | Gauntlet | Noticed a wolf spider
 10822 | Gauntlet | a great orb of eyes changed into a wolf spider
 10823 | Gauntlet | a manticore changed into a wind drake
 10825 | Gauntlet | Noticed a water nymph
 10825 | Gauntlet | a sea snake changed into a water nymph
 10827 | Gauntlet | Noticed a two-headed ogre
 10827 | Gauntlet | a wolf spider changed into a two-headed ogre
 10835 | Gauntlet | Noticed a death drake
 10835 | Gauntlet | a two-headed ogre changed into a death drake
 10840 | Gauntlet | Noticed a cyclops
 10840 | Gauntlet | a death drake changed into a cyclops
 10845 | Gauntlet | a cyclops changed into a hippogriff
 10847 | Gauntlet | Found a transporter.
 10849 | Gauntlet | Found a transporter.
 10852 | Gauntlet | Noticed a swamp dragon
 10852 | Gauntlet | a water nymph changed into a swamp dragon
 10855 | Gauntlet | Noticed a rust devil
 10857 | Gauntlet | Found a transporter.
 10858 | Gauntlet | Noticed a reaper
 10893 | Gauntlet | Noticed a faun
 10893 | Gauntlet | Noticed a fire crab
 10900 | Gauntlet | Noticed a black mamba
 10904 | Gauntlet | a black mamba changed into a yaktaur
 10923 | Gauntlet | Found a transporter.
 10935 | Gauntlet | Found a transporter.
 10949 | Gauntlet | Found a transporter.
 10951 | Gauntlet | Noticed a tengu warrior
 10959 | Gauntlet | Found a transporter.
 10974 | Gauntlet | Found a transporter.
 10980 | Gauntlet | Found a transporter.
 11002 | Gauntlet | Noticed a fire dragon
 11006 | Gauntlet | Noticed a glowing orange brain
 11083 | Gauntlet | Noticed a fire crab
 11084 | Gauntlet | Noticed a storm dragon
 11379 | Gauntlet | Killed a tengu warrior
 11379 | Gauntlet | Reached skill level 10 in Fighting
 11816 | Gauntlet | Noticed a minotaur
 11832 | Gauntlet | Mangled by a minotaur

Illustrated notes

Levels and vault maps discovered:
D:1:      minmay_arrival_five_plusses, layout_rooms, st_stairs_2,
          chequers_avenue, grunt_decor_cap, nrook_loot_triangle
D:2:      layout_rooms, okawaru_ov_weapons_minmay
D:3:      layout_rooms, gammafunk_ghost_mausoleum, kennysheep_generic_room_14
D:4:      layout_basic, yredelemnul_forgotten_temple_becter
D:5:      layout_loops_ring, minmay_temple_entry_mist, basic_altar
D:6:      corexii_shantytown, layout_basic, basic_altar, minmay_shop_grid_forest
D:7:      layout_basic, basic_altar, uniq_harold, uniq_menkaure
D:8:      layout_loops_ring, david_lair_shrubbed, uniq_psyche
D:9:      layout_stronghold, david_orc_2, uniq_prince_ribbit1, uniq_pikel,
          uniq_erica
Lair:1:   layout_chaotic_city, gauntlet_entry_generic
Gauntlet: gammafunk_gauntlet_shortcut [gammafunk_gauntlet_arena_split_x,
          gammafunk_gauntlet_arena_split_diamond,
          nicolae_gauntlet_arena_flowing_pool, nicolae_gauntlet_arena_blocks,
          gammafunk_gauntlet_arena_corners, nicolae_gauntlet_arena_grate_2,
          gauntlet_exit_hidden_loot]

Skill      XL: |  1  2  3  4  5  6  7  8  9 10 |
---------------+-------------------------------+-----
Fighting       | 3 4 5 6 7 8 10 | 10.0
Long Blades    | 2 3 4 5 7 8 9 |  9.7
Dodging        | 2 3 4 5 6 7 |  7.0
Throwing       | 1 3 4 |  4.7
Stealth        | |  4.5

Action                   |  1- 3 |  4- 6 |  7- 9 | 10-12 || total
-------------------------+-------+-------+-------+-------++-------
Melee: Falchion          |     3 |       |       |       ||     3
       Mace              |     4 |   191 |       |       ||   195
       Great sword       |       |    15 |   249 |    45 ||   309
       Scimitar          |       |       |       |    80 ||    80
Throw: Dart              |     3 |     4 |    10 |    13 ||    30
       Javelin           |       |     4 |       |       ||     4
       Throwing net      |       |       |       |     5 ||     5
Evoke: Wand              |       |       |     5 |     2 ||     7
       Condenser vane    |       |       |     1 |     1 ||     2
  Use: Potion            |       |     6 |       |     5 ||    11
       Scroll            |       |     1 |    14 |     4 ||    19
 Stab: Sleeping          |       |    13 |    11 |       ||    24
       Distracted        |       |     1 |       |       ||     1
       Invisible         |       |       |       |     1 ||     1
       Held in net/web   |       |       |       |     1 ||     1
Armor: Leather armour    |       |    47 |    43 |       ||    90
       Skin              |       |    18 |       |       ||    18
       Pearl dragon scal |       |       |    62 |    79 ||   141
Dodge: Dodged            |     4 |   187 |   286 |   139 ||   616
       Rpst.: Falchion   |     2 |       |       |       ||     2
       Great sword       |       |     1 |    70 |    20 ||    91
       Scimitar          |       |       |       |    21 ||    21

Table legend: (Time is in decaauts)
 A = Elapsed time spent in this place.
 B = Non-inter-level travel time spent in this place.
 C = Inter-level travel time spent in this place.
 D = Time resting spent in this place.
 E = Time spent auto-exploring this place.
 F = Levels seen in this place.
 G = Mean time per level.
                   A        B        C        D        E       F      G
               +--------+--------+--------+--------+--------+-----+--------+
         Total |  12011 |  11331 |    680 |   2373 |   6896 |  11 | 1091.9 |
       Dungeon |  10785 |  10110 |    675 |   1680 |   6667 |   9 | 1198.3 |
          Lair |     62 |     57 |      5 |      0 |     10 |   1 |   62.0 |
      Gauntlet |   1163 |   1163 |      0 |    693 |    219 |   1 | 1163.0 |
               +--------+--------+--------+--------+--------+-----+--------+

Top non-repeatable levels by time:
     D:5: 1982 daAuts
     D:9: 1553 daAuts
     D:6: 1490 daAuts
     D:7: 1216 daAuts
     D:8: 1175 daAuts
Gauntlet: 1163 daAuts
     D:3: 1016 daAuts
     D:2: 885 daAuts
     D:1: 855 daAuts
     D:4: 610 daAuts
  Lair:1: 62 daAuts
